 Dungeon Crawl Stone Soup version 0.30-a0-168-g0b976cbdc4 (webtiles) character file.

Game seed: 6662457422869696260

93 qw the Chopper (level 4, -5/28 HPs)
             Began as a Gargoyle Fighter on Sept 29, 2022.
             Slain by a gnoll
             ... wielding a +0 halberd
              (12 damage)
             ... on level 3 of the Dungeon.
             The game lasted 00:00:47 (2245 turns).

qw the Chopper (Gargoyle Fighter)                   Turns: 2245, Time: 00:00:48

Health: -5/28      AC: 15    Str: 22    XL:     4   Next: 62%
Magic:  4/4        EV:  6    Int:  8    God:
Gold:   66         SH:  4    Dex:  9    Spells: 3/3 levels left

rFire   + . .      SeeInvis .    Y - +0 war axe
rCold   . . .      Faith    .    c - +0 buckler
rNeg    + . .      Spirit   .    l - +0 plate armour
rPois   inf        Reflect  .    (no helmet)
rElec   +          Harm     .    (no cloak)
rCorr   .          Rampage  .    (no gloves)
Will    .....                    (no boots)
Stlth   ..........               (no amulet)
HPRegen 0.09/turn                j - ring of protection from fire
MPRegen 0.09/turn                (no ring)

@: no status effects
A: sickness immunity, AC +3, negative energy resistance 1, electricity
resistance, torment resistance 1, petrification resistance
a: no special abilities


You were on level 3 of the Dungeon.
You visited 1 branch of the dungeon, and saw 3 of its levels.

You collected 66 gold pieces.


Innate Abilities, Weirdness & Mutations

You are immune to sickness and miasma.
Your stone body is resilient. (AC +3)
You are immune to poison.
You resist negative energy. (rN+)
You are resistant to electric shocks. (rElec)
You are resistant to unholy torment.
You are immune to petrification.


   Skills:
 - Level 3.2 Fighting
 + Level 4.2 Axes
 - Level 3.2 Armour
 - Level 3.2 Shields


You had 3 spell levels left.
You didn't know any spells.
Your spell library was empty.

Inventory:

Hand Weapons
 o - a +0 flail
 Y - a +0 war axe (weapon)
Armour
 c - a +0 buckler (worn)
 l - a +0 plate armour (worn)
Jewellery
 j - a ring of protection from fire (left hand)
Scrolls
 b - a scroll of noise {unknown}
 m - a scroll of identify {unknown}
Potions
 d - a potion of might
 e - a potion of mutation {unknown}
 f - a potion of magic {unknown}
 g - a potion of curing
 h - a potion of lignification {unknown}
 i - a potion of haste
 k - a potion of heal wounds {unknown}
 n - a potion of berserk rage {unknown}

Dungeon Overview and Level Annotations

Branches:
Dungeon (3/15)

Altars:


Message History

You kill the orc!
You barely miss the orc.
The orc is moderately wounded.
The orc hits you but does no damage. The orc barely misses you.
You slash the orc!
You kill the orc!
You start resting.
HP restored.
o - a +0 flail
Items here: %% )).
2192 ||| DROPPING +0 whip.
You drop a +0 whip.
The gnoll shouts!
The gnoll shouts!
The gnoll drinks a potion.
The gnoll seems to speed up.
A gnoll is nearby!
You hit the gnoll.
The gnoll is moderately wounded.
The gnoll hits you but does no damage. You block the gnoll's attack.
You hit the gnoll.
The gnoll is severely wounded.
The gnoll hits you with a +0 flail. x2; The gnoll closely misses you.
You closely miss the gnoll.
The gnoll is severely wounded.
The gnoll hits you with a +0 flail.
The gnoll hits you from afar with a +0 halberd.
The gnoll hits you with a +0 flail.
You barely miss the gnoll.
The gnoll is severely wounded.
The gnoll barely misses you. x3
You hit the gnoll.
The gnoll is severely wounded.
The gnoll hits you but does no damage.
The gnoll hits you from afar with a +0 halberd!
The gnoll barely misses you. The gnoll hits you but does no damage.
You barely miss the gnoll.
The gnoll is severely wounded.
The gnoll shouts!
You block the gnoll's attack.
The gnoll hits you from afar with a +0 halberd!
You die...

#...# #..## .# # #..# . ..
#.(# ##. #.###..######. ...
#.............# #.#
#..#...##.....# #.# #.
#....g.....####.# #
#...........@g#.# ##
#.#.##.....###g.## #.
#.#.###....# #...# #.
#.#.####.#.###g..# #.
#.#.......#...#..# #######.
######..#...#..#####.......
#.....................
#.#######.#...#..#####...###.
#........#...##............).


You could see 3 gnolls.

Vanquished Creatures
  3 adders
  4 dart slugs
  5 orcs
  4 ball pythons
  An endoplasm (D:3)
  2 giant cockroaches
  10 goblins
  5 hobgoblins
  5 quokkas
  3 bats (D:2)
  3 frilled lizards
  2 kobolds
  3 rats
50 creatures vanquished.

Vanquished Creatures (others)
  A plant (D:2)
1 creature vanquished.

Grand Total: 51 creatures vanquished

Notes
Turn   | Place    | Note
-------+----------+-------------------------------------------
     0 | D:1      | qw the Gargoyle Fighter began the quest for the Orb.
     0 | D:1      | Reached XP level 1. HP: 14/14 MP: 1/1
     0 | D:1      | 0 ||| qw: Version: 0.2-a-12-gaebbb33
     0 | D:1      | 0 ||| qw: Game counter: 1196
     0 | D:1      | 0 ||| qw: Always use a shield: true
     0 | D:1      | 0 ||| qw: God list: Okawaru
     0 | D:1      | 0 ||| qw: Allow faded altars: false
     0 | D:1      | 0 ||| qw: Do Orc after D:15 true
     0 | D:1      | 0 ||| qw: Do second Lair branch before Depths: true
     0 | D:1      | 0 ||| qw: Lair rune preference: random
     0 | D:1      | 0 ||| qw: Plans: Normal, Zot:1-4, God:TSO, Crypt, Tomb,
                  | Pan, Slime:5, Hells, Abyss, Orb
     0 | D:1      | 0 ||| PLANNING D:1-11
    36 | D:1      | Reached skill level 2 in Axes
    85 | D:1      | 85 ||| Stepping ~*~*~tactically~*~*~ (stealth).
    86 | D:1      | 86 ||| Stepping ~*~*~tactically~*~*~ (stealth).
   107 | D:1      | Reached XP level 2. HP: 15/19 MP: 2/2
   391 | D:1      | 391 ||| Stepping ~*~*~tactically~*~*~ (hiding).
   690 | D:1      | 690 ||| DRINKING 2 coppery potions.
   850 | D:2      | Reached skill level 3 in Axes
   957 | D:2      | Reached XP level 3. HP: 18/23 MP: 3/3
  1317 | D:2      | Reached XP level 4. HP: 28/28 MP: 4/4
  1473 | D:2      | Found a faded altar of an unknown god.
  1494 | D:2      | 1494 ||| UPGRADING to +0 plate armour.
  1504 | D:2      | 1504 ||| DROPPING +0 scale mail.
  1505 | D:2      | 1505 ||| UPGRADING to ring of protection from fire.
  1506 | D:2      | 1506 ||| READING 2 scrolls labelled YPNUYRHOFEL.
  1507 | D:2      | 1507 ||| READING scroll labelled JUPSIO UP HOGI.
  1508 | D:2      | 1508 ||| DROPPING scroll of immolation.
  1564 | D:3      | 1564 ||| DROPPING +0 club.
  1685 | D:3      | Reached skill level 4 in Axes
  1965 | D:3      | 1965 ||| FLEEEEING.
  1966 | D:3      | 1966 ||| FLEEEEING.
  1967 | D:3      | 1967 ||| FLEEEEING.
  2059 | D:3      | 2059 ||| Stepping ~*~*~tactically~*~*~ (stealth).
  2126 | D:3      | 2126 ||| Stepping ~*~*~tactically~*~*~ (stealth).
  2192 | D:3      | 2192 ||| DROPPING +0 whip.
  2244 | D:3      | HP: 7/28 [gnoll/+0 halberd (7)]
  2245 | D:3      | Slain by a gnoll

Levels and vault maps discovered:
D:1:      elethiomel_arrival_quiet, layout_loops_ring
D:2:      layout_rooms, chequers_ecumenical_altar_lobes, st_stairs_9,
          kennysheep_nub
D:3:      layout_loops_ring, serial_rivers, chequers_serial_rivers_large_b,
          chequers_serial_rivers_room_a, chequers_serial_rivers_micro_a,
          chequers_serial_rivers_micro_b, chequers_serial_rivers_micro_a,
          chequers_serial_rivers_micro_d

Skill      XL: |  1  2  3  4 |
---------------+-------------+-----
Axes           | 2 3 4 |  4.2
Fighting       | |  3.2
Armour         | |  3.2
Shields        | |  3.2

Action                   |  1- 3 |  4- 6 || total
-------------------------+-------+-------++-------
Melee: War axe           |    90 |    79 ||   169
  Use: Potion            |     1 |       ||     1
       Scroll            |       |     2 ||     2
Armor: Scale mail        |    70 |    17 ||    87
       Plate armour      |       |    36 ||    36
Dodge: Dodged            |    54 |    26 ||    80
Block: Buckler           |    18 |    15 ||    33

Table legend:
 A = Non-vault XP
 B = Vault XP
 C = Vault XP percentage of total XP
 D = Non-vault monster count
 E = Vault monster count
 F = Vault count percentage of total count
                 A         B        C        D         E       F
            +---------+---------+-------+---------+---------+-------
      Total |     126 |       8 |   6.0 |      47 |       3 |   6.0
            +---------+---------+-------+---------+---------+-------
        D:1 |      23 |       0 |   0.0 |      11 |       0 |   0.0
        D:2 |      55 |       8 |  12.7 |      18 |       3 |  14.3
        D:3 |      48 |       0 |   0.0 |      18 |       0 |   0.0
            +---------+---------+-------+---------+---------+-------
